 Dungeon Crawl Stone Soup version 0.17-a0-1939-ga475588 (webtiles) character file.

3014 HungrySpirit the Carver (level 9, -19/75 HPs)
             Began as a Demigod Fighter on Sept 29, 2015.
             Killed from afar by Erolcha (23 damage)
             ... with a fireball
             ... on level 8 of the Dungeon.
             The game lasted 00:14:07 (10886 turns).

HungrySpirit the Carver (Demigod Fighter)          Turns: 10886, Time: 00:14:08

Health: -19/75     AC:  9    Str: 25    XL:     9   Next: 30%
Magic:  11/11      EV:  7    Int: 15    God:
Gold:   369        SH: 10    Dex: 15    Spells: 0 memorised, 8 levels left

rFire  . . .     SeeInvis .     B - +0 long sword
rCold  . . .     Clarity  .     b - +1 scale mail
rNeg   . . .     SustAt   +     c - +0 shield
rPois  .         Gourm    .     (no helmet)
rElec  .         Spirit   .     (no cloak)
rCorr  .         Warding  .     (no gloves)
rMut   +         Stasis   .     y - +0 pair of boots
MR     .....                    q - amulet of resist mutation
Stlth  ..........               (no ring)
                                w - +3 ring of intelligence

@: not resistant to hostile enchantments, extremely unstealthy
A: high mp 1, sustain attributes
a: no special abilities


You were on level 8 of the Dungeon.
You were hungry.

You visited 1 branch of the dungeon, and saw 8 of its levels.

You collected 369 gold pieces.

Inventory:

Hand weapons
 B - a +0 long sword (weapon)
Armour
 b - a +1 scale mail (worn)
 c - a +0 shield (worn)
 y - a +0 pair of boots (worn)
Jewellery
 q - an amulet of resist mutation (around neck)
 w - a +3 ring of intelligence (left hand)
Magical devices
 k - a wand of enslavement (12)
 m - a wand of flame (29)
Scrolls
 f - 2 scrolls of enchant armour
 g - a scroll of recharging
 h - 2 scrolls of remove curse
 l - a scroll of identify
 s - 5 scrolls of teleportation
Potions
 a - a potion of brilliance
 d - a potion of might
 r - a potion of magic
 D - a potion of ambrosia
Books
 t - a book of Battle

   Spells                             Type                      Level
   a - Infusion                       Charms                       1
   b - Shroud of Golubria             Charms/Translocation         2
   c - Song of Slaying                Charms                       2
   d - Spectral Weapon                Hexes/Charms                 3
   e - Regeneration                   Charms/Necromancy            3
 C - a book of Party Tricks

   Spells                             Type                      Level
   a - Summon Butterflies             Summoning                    1
   b - Apportation                    Translocation                1
   c - Tukima's Dance                 Hexes                        3
   d - Alistair's Intoxication        Transmutation/Poison         4
   e - Invisibility                   Hexes                        6
Comestibles
 e - 3 bread rations
 j - 6 meat rations


   Skills:
 + Level 6.1 Fighting
 * Level 10.0 Long Blades
 + Level 4.3 Armour
 + Level 4.2 Shields


You had 8 spell levels left.
You didn't know any spells.

Dungeon Overview and Level Annotations

Branches:
Dungeon (8/15)             Temple (0/1) D:6
   Lair: D:8-11

Annotations:
D:8 Erolcha


Innate Abilities, Weirdness & Mutations

You have an increased reservoir of magic (+10% MP).
Your attributes are resistant to harm.


Message History

Erolcha hits you with a giant club!!
* * * LOW HITPOINT WARNING * * *
You hit Erolcha.
Erolcha is severely wounded.
Erolcha barely misses you.
Your shield and scale mail prevent you from hitting Erolcha.
Erolcha is severely wounded.
You closely miss Erolcha.
Erolcha is severely wounded.
Erolcha casts a spell.
Erolcha flickers and vanishes!
Deactivating autopickup; reactivate with Ctrl-A.
A puff of flame appears from out of thin air!
The puff of flame hits you!
* * * LOW HITPOINT WARNING * * *
You feel a little less clever now.
You hear some strange, mumbled words.
A fireball appears from out of thin air!
The fireball explodes!
The fireball engulfs you!
You die...

##########
######.........
...............
#..........
#....(..#.#.. ##.#
#....@....... #...##
#.......#.#.. #....#
#........... #....#
#............ #....#
#............ #....#
#..?.........
##....###............
#....................
#....###.....####...


There were no monsters in sight!

Vanquished Creatures
  A polar bear (D:8)
  Grinder (D:6)
  A hippogriff (D:5)
  Menkaure (D:7)
  A wolf (D:8)
  A black bear (D:7)
  2 phantoms
  3 centaurs
  3 giant frogs (D:7)
  A wyvern skeleton (D:7)
  A scorpion (D:7)
  5 killer bees (D:7)
  7 wights (D:6)
  2 hounds
  A jelly (D:5)
  A giant frog zombie (D:7)
  A giant frog skeleton (D:6)
  A crimson imp (D:6)
  6 iguanas
  An orc priest (D:2)
  4 orc wizards
  Natasha (thrice) (D:3)
  4 worker ants
  A hound zombie (D:7)
  2 worker ant zombies
  A hound skeleton (D:5)
  6 adders
  7 gnolls
  A hound simulacrum (D:8)
  2 shadow imps (D:6)
  A worker ant simulacrum (D:8)
  2 white imps (D:8)
  2 oozes
  4 worms
  8 giant geckos
  15 orcs
  2 giant cockroaches
  8 goblins
  6 hobgoblins
  2 jackals (D:8)
  10 kobolds
  A ball python (D:2)
  4 bats
  A giant cockroach zombie (D:5)
  4 giant newts
  2 jackal skeletons (D:5)
  5 quokkas
  A quokka skeleton (D:6)
  A quokka zombie (D:7)
  5 rats
156 creatures vanquished.

Notes
Turn   | Place    | Note
--------------------------------------------------------------
     0 | D:1      | HungrySpirit the Demigod Fighter began the quest for the Orb.
     0 | D:1      | Reached XP level 1. HP: 18/18 MP: 3/3
    20 | D:1      | You fall through a shaft!
   134 | D:2      | Found a shattered altar of Ashenzari.
   194 | D:2      | Reached XP level 2. HP: 25/25 MP: 4/4
   368 | D:2      | Found a sacrificial altar of Ru.
   371 | D:2      | Found a stormy altar of Qazlal.
   403 | D:2      | Reached skill level 3 in Long Blades
   485 | D:2      | Reached XP level 3. HP: 3/30 MP: 5/5
   809 | D:2      | Found a glowing golden altar of the Shining One.
  1006 | D:3      | Noticed Natasha
  1010 | D:3      | Killed Natasha
  1013 | D:3      | Reached skill level 4 in Long Blades
  1149 | D:3      | Found a deep blue altar of Sif Muna.
  1159 | D:3      | Reached XP level 4. HP: 32/37 MP: 6/6
  1160 | D:3      | Noticed Natasha
  1166 | D:3      | Killed Natasha
  1190 | D:3      | Noticed Natasha
  1388 | D:3      | Killed Natasha
  1924 | D:3      | Reached skill level 5 in Long Blades
  1924 | D:3      | Reached XP level 5. HP: 29/42 MP: 7/7
  4041 | D:4      | Reached skill level 6 in Long Blades
  4429 | D:4      | Reached XP level 6. HP: 40/50 MP: 8/8
  4835 | D:5      | Entered Level 5 of the Dungeon
  5055 | D:5      | Found a shimmering altar of Xom.
  5209 | D:5      | Found a shadowy altar of Dithmenos.
  5460 | D:5      | Noticed a hippogriff
  5470 | D:5      | Killed a hippogriff
  5761 | D:6      | Noticed Grinder
  5766 | D:6      | Paralysed by Grinder for 6 turns
  5793 | D:6      | Killed Grinder
  5793 | D:6      | Reached skill level 7 in Long Blades
  5793 | D:6      | Reached XP level 7. HP: 13/59 MP: 9/9
  6314 | D:6      | Got a crystal hand axe
  6335 | D:6      | Identified the +5 hand axe "Ruj Sish" {freeze, rC+ MP+9} (You found it on level 6 of the Dungeon)
  6886 | D:6      | Reached skill level 8 in Long Blades
  7152 | D:6      | Reached XP level 8. HP: 30/67 MP: 10/10
  7340 | D:6      | Found a staircase to the Ecumenical Temple.
  7368 | D:6      | Found an iron altar of Okawaru.
  7578 | D:6      | Reached skill level 5 in Fighting
  8791 | D:7      | Reached skill level 9 in Long Blades
  9062 | D:7      | Noticed Menkaure
  9068 | D:7      | Killed Menkaure
  9749 | D:7      | Reached XP level 9. HP: 30/75 MP: 11/11
 10788 | D:8      | Reached skill level 10 in Long Blades
 10841 | D:8      | Noticed Erolcha
 10886 | D:8      | Killed from afar by Erolcha

Vault maps used:
D:1:      ldierk_walled_garden
D:2:      grunt_temple_overflow_open, first_bread, tso_altar
D:3:      lemuel_round_altar, minmay_vboxes, uniq_natasha
D:5:      nicolae_dithmenos_the_darkroom, kennysheep_mini_moat
D:6:      minmay_temple_entry_glassed_door, basic_altar, uniq_grinder
D:7:      uniq_menkaure
D:8:      serial_ice, serial_ice_h, serial_ice_n, serial_ice_i, serial_ice_f,
          serial_ice_a, serial_ice_b, uniq_erolcha

Action                   |  1- 3 |  4- 6 |  7- 9 || total
-------------------------+-------+-------+-------++-------
Melee: Long sword        |    89 |   235 |   408 ||   732
Evoke: Wand              |     1 |       |     2 ||     3
  Use: Potion            |     2 |     6 |     4 ||    12
       Scroll            |       |       |    14 ||    14
 Stab: Invisible         |       |       |    10 ||    10
  Eat: Chunk             |     1 |    12 |     9 ||    22
       Fruit             |       |     3 |     4 ||     7
       Royal jelly       |       |       |     2 ||     2
